 Dungeon Crawl Stone Soup version 0.32-a0-961-gd60f5e5fc7 (webtiles) character file.

Game seed: 12809124960220125486

2940 GnomeSayin the Basher (level 9, -3/81 HPs)
             Began as a Minotaur Monk on Apr 18, 2024.
             Was a Priest of Okawaru.
             Killed from afar by an acid dragon (20 damage)
             ... with a splash of acid
             ... on level 8 of the Dungeon.
             The game lasted 00:47:56 (8244 turns).

GnomeSayin the Basher (Minotaur Monk)               Turns: 8244, Time: 00:47:57

Health: -3/81      AC: 11    Str: 20    XL:     9   Next: 51%
Magic:  17/19      EV:  8    Int: 13    God:    Okawaru [***...]
Gold:   514        SH:  0    Dex: 13    Spells: 8/8 levels left

rFire   . . .        F - +0 morningstar
rCold   . . .        d - orb {light}
rNeg    . . .        g - +1 plate armour
rPois   .            (helmet restricted)
rElec   .            I - +0 cloak
rCorr   .            e - +0 pair of gloves
SInv    .            (no boots)
Will    .....        (no amulet) Stlth
                     p - +6 ring of intelligence
HPRegen 0.33/turn    z - ring of magical power
MPRegen 0.16/turn

%: no passive effects
@: heroic, corroded, glowing
A: horns 2, retaliatory headbutt
a: Renounce Religion, Heroism


You were on level 8 of the Dungeon.
You worshipped Okawaru.
Okawaru was most pleased with you.
You visited 2 branches of the dungeon, and saw 9 of its levels.
You also visited: Sewer.

You collected 629 gold pieces.
You spent 115 gold pieces at shops.

Inventory:

Hand Weapons
 F - a +0 morningstar (weapon)
 G - a +4 trident of draining
 J - a +0 flail of protection
Missiles
 f - 75 stones
 j - 5 curare-tipped darts
 n - 19 poisoned darts
Armour
 d - an orb of light (worn)
 e - a +0 pair of gloves (worn)
 g - a +1 plate armour (worn)
 A - a +0 ring mail of poison resistance
 I - a +0 cloak (worn)
Jewellery
 p - a +6 ring of intelligence (left hand)
 z - a ring of magical power (right hand)
Talismans
 k - a beast talisman
Wands
 D - a wand of roots (17)
Scrolls
 a - a scroll of immolation {unknown}
 b - a scroll of vulnerability
 h - a scroll of butterflies {unknown}
 l - a scroll of poison {unknown}
 m - 4 scrolls of enchant weapon {unknown}
 r - 5 scrolls of enchant armour
 t - 3 scrolls of teleportation
 x - 2 scrolls of noise
 y - 5 scrolls of fog
 E - a scroll of revelation {unknown}
 K - a scroll of fear {unknown}
Potions
 c - 2 potions of ambrosia
 i - 4 potions of curing
 q - 2 potions of enlightenment
 u - a potion of cancellation
 v - 2 potions of mutation
 w - a potion of brilliance
 B - 2 potions of attraction
 C - a potion of magic
 H - a potion of heal wounds {unknown}


   Skills:
 + Level 8.1(13.1) Fighting
 - Level 11.0(16.0) Maces & Flails
 - Level 4.0(9.0) Throwing
 - Level 7.0(12.0) Armour
 - Level 3.3(8.3) Dodging
 - Level 3.0 Invocations


You had 8 spell levels left.
You didn't know any spells.
Your spell library contained the following spells:

 Spells                   Type           Power      Damage    Failure   Level
 Dazzling Flash           Conj/Hex       0%         N/A       100%        3
 Anguish                  Hex/Necr       0%         N/A       100%        4
 Brom's Barrelling Bould  Conj/Erth      0%         2d3       100%        4
 Dimensional Bullseye     Hex/Tloc       0%         N/A       100%        4
 Iskenderun's Mystic Bla Conj/Tloc 0%             2d3        (+2d1     100%        4
 Passage of Golubria      Tloc           0%         N/A       100%        4
 Fireball                 Conj/Fire      0%         3d3       100%        5
 Iskenderun's Battlesphe  Conj           0%         2d6       100%        5
 Yara's Violent Unravell  Hex/Alch       0%         3d3       100%        5
 Conjure Ball Lightning   Conj/Air       0%         3x3d6     100%        6
 Orb of Destruction       Conj           0%         9d5       100%        7
 Summon Small Mammal      Summ           Unusable   N/A       N/A         1
 Call Canine Familiar     Summ           Unusable   N/A       N/A         3
 Tukima's Dance           Hex            Unusable   N/A       N/A         3
 Summon Blazeheart Golem  Fire/Summ      Unusable   N/A       N/A         4
 Spellforged Servitor     Conj/Summ      Unusable   N/A       N/A         7

Dungeon Overview and Level Annotations

Branches:
Dungeon (8/15)             Temple (1/1) D:6           Sewer (visited)
   Lair: D:8-11

Altars:
Ashenzari
Cheibriados
Dithmenos
Elyvilon
Fedhas
Gozag
Hepliaklqana
Kikubaaqudgha
Makhleb
Nemelex Xobeh
Okawaru
Qazlal
Ru
Trog
Uskayaw
Vehumet
Wu Jian
Xom
Yredelemnul
The Shining One

Shops:
D:2 ?

Annotations:
D:7 1 runed translucent door, Crazy Yiuf


Innate Abilities, Weirdness & Mutations

You have a pair of horns on your head.
You reflexively headbutt those who attack you in melee.


Message History

The acid dragon is almost dead.
The acid dragon spits acid at you. The splash of acid hits you!!
The acid corrodes you!
You hit the acid dragon but do no damage.
The acid dragon is almost dead.
You feel like a meek peon again. The acid dragon spits acid at you.
The splash of acid hits you!
The bullfrog gives a loud, deep croak!
You hit the acid dragon but do no damage.
The acid dragon is almost dead.
The acid dragon barely misses you.
The acid dragon claws you but does no damage.
You hit the acid dragon.
You headbutt the acid dragon, but do no damage.
The acid dragon is almost dead.
The acid dragon bites you.
The acid dragon claws you but does no damage.
You hit the acid dragon but do no damage.
The acid dragon is almost dead.
You hit the acid dragon.
The acid dragon is almost dead.
The acid dragon bites you.
The acid dragon claws you but does no damage.
You hit the acid dragon.
The acid dragon is almost dead.
The acid dragon bites you but does no damage.
The acid dragon claws you. The bullfrog barely misses you.
You barely miss the acid dragon.
The acid dragon is almost dead.
The acid dragon bites you!
* * * LOW HITPOINT WARNING * * *
The acid dragon claws you but does no damage.
The bullfrog hits you.
* * * LOW HITPOINT WARNING * * *
You gain the combat prowess of a mighty hero.
The bullfrog barely misses you. The acid dragon spits acid at you.
The splash of acid hits you!!
You die...

....# #..~~~~~..# .# # ...##
#.~~~~♣~..# .# .# ...#
#♣~♣~~~...###.#######.##.
...#####P.~~♣~..........#.......
......##.~~.~..♣....>...#....>..
......##.♣~...P.........#.......
.............P.#.########....D..
..........♣....F.D....)..(......
......####..P.##@########!......
###.### ###..##<# ....... # #.#
##..#.# ....... #.# ##.#.#
....... #.# ###.#.#### .......
#.# #........# ####### #.#
#........# #........# #........#


You could see an acid dragon (catching breath) and a bullfrog.

Vanquished Creatures
  Maurice (D:7)
  Jeremiah (D:7)
  3 water moccasins
  An orc warrior (D:6)
  5 kobold brigands
  2 phantoms
  3 bullfrogs
  A gnoll sergeant (D:8)
  A scorpion (D:7)
  7 wights
  2 hounds
  4 jellies
  A bombardier beetle (D:4)
  An iguana (D:6)
  Ijyb (D:5)
  2 orc wizards
  Robin (D:3)
  10 gnolls
  12 adders
  2 river rats (D:3)
  4 ufetubi
  8 dart slugs
  4 ribbon worms
  12 orcs
  12 endoplasms
  10 giant cockroaches
  7 hobgoblins
  3 quokkas
  17 ball pythons
  5 bats
  8 frilled lizards
  15 goblins
  24 kobolds
  8 rats
198 creatures vanquished.

Notes
Turn   | Place    | Note
-------+----------+-------------------------------------------
     0 | D:1      | GnomeSayin the Minotaur Monk began the quest for the Orb.
     0 | D:1      | Reached XP level 1. HP: 19/19 MP: 0/0
   552 | D:1      | Reached skill level 4 in Maces & Flails
   560 | D:1      | Reached XP level 2. HP: 27/27 MP: 1/1
  1291 | D:2      | Reached XP level 3. HP: 34/34 MP: 2/2
  1593 | D:2      | Reached XP level 4. HP: 41/41 MP: 3/3
  1651 | D:2      | Reached skill level 5 in Fighting
  1709 | D:2      | Found a faded altar of an unknown god.
  1811 | D:2      | Reached skill level 5 in Maces & Flails
  2014 | D:2      | Found Yhicap's Magic Scroll Shop.
  2017 | D:2      | Bought a scroll of blinking for 82 gold pieces
  2017 | D:2      | Bought a scroll of teleportation for 33 gold pieces
  2434 | D:3      | Found a glowing drain.
  2443 | Sewer    | Entered a sewer
  2449 | Sewer    | Reached XP level 5. HP: 48/48 MP: 4/4
  2649 | Sewer    | Reached skill level 1 in Throwing
  2771 | Sewer    | Reached skill level 6 in Maces & Flails
  2771 | Sewer    | Reached XP level 6. HP: 46/57 MP: 5/5
  2776 | Sewer    | Got the Incunabulum of Blasting and Last Rites
  2871 | D:3      | Found a glowing golden altar of the Shining One.
  3073 | D:3      | Noticed Robin
  3088 | D:3      | Killed Robin
  3089 | D:3      | Reached skill level 7 in Maces & Flails
  3184 | D:3      | Reached skill level 1 in Armour
  3693 | D:4      | Reached XP level 7. HP: 61/63 MP: 6/6
  4704 | D:5      | Entered Level 5 of the Dungeon
  4883 | D:5      | Noticed Ijyb
  4889 | D:5      | Killed Ijyb
  4945 | D:5      | Reached skill level 8 in Maces & Flails
  5505 | D:6      | Found a staircase to the Ecumenical Temple.
  5607 | D:6      | Reached skill level 5 in Armour
  5739 | D:6      | Reached XP level 8. HP: 59/70 MP: 7/7
  5749 | D:6      | Reached skill level 9 in Maces & Flails
  5794 | Temple   | Entered the Ecumenical Temple
  5803 | Temple   | Became a worshipper of Warmaster Okawaru
  5803 | Temple   | Reached * piety under Okawaru
  5803 | Temple   | Reached ** piety under Okawaru
  5910 | D:6      | Reached skill level 1 in Invocations
  6238 | D:6      | Found an ancient bone altar of Kikubaaqudgha.
  6425 | D:7      | Noticed Jeremiah
  6427 | D:7      | Reached skill level 10 in Maces & Flails
  6541 | D:7      | Killed Jeremiah
  6708 | D:7      | Found a runed translucent door.
  6709 | D:7      | Noticed Crazy Yiuf
  6843 | D:7      | Reached XP level 9. HP: 76/79 MP: 10/10
  7021 | D:7      | Reached *** piety under Okawaru
  7241 | D:7      | Noticed Maurice
  7264 | D:7      | Killed Maurice
  7265 | D:7      | Reached skill level 11 in Maces & Flails
  8244 | D:8      | Killed from afar by an acid dragon

Illustrated notes

Levels and vault maps discovered:
D:1:      dpeg_arrival_water_fire, layout_loops_ring, serial_forest,
          infiniplex_forest_zigzag_2, infiniplex_forest_lined_4_way,
          infiniplex_forest_straight_2, infiniplex_forest_straight_3,
          infiniplex_forest_lined_1, infiniplex_forest_end_1,
          infiniplex_forest_lined_corner, infiniplex_forest_clump_long,
          infiniplex_forest_3_way, infiniplex_forest_corner_2,
          minmay_tree_intersection
D:2:      layout_basic, shapermc_ecumenical_altar_mp_ritualfount, serial_shops,
          nicolae_shop_rolled_up
D:3:      layout_basic, mainiacjoe_overflow_brackets, portal_sewer_entry_b,
          nicolae_the_louvre, uniq_robin
D:4:      layout_rooms, serial_co_window_serial, co_window_of_opportunity_a,
          co_window_corner_a, co_window_paths_a, co_window_paths_a,
          co_window_paths_b, co_window_paths_a, co_window_of_opportunity_c,
          co_window_corner_b, co_window_broadway_c, co_window_corner_b,
          co_window_of_opportunity_c, co_window_broadway_b, co_window_4corner_a,
          glass_columns_b, palyth_stone_intersect
D:5:      layout_cave_pods, uniq_ijyb
D:6:      layout_basic, mainiacjoe_overflow_surrounded_room,
          minmay_temple_entry_drinking_statues
D:7:      layout_basic, serial_bayou_pond_d, uniq_crazy_yiuf_cottage,
          uniq_maurice, uniq_jeremiah
D:8:      layout_rooms, serial_bayou, serial_bayou_crossing,
          serial_bayou_shore_b, serial_bayou_lagoon_a, serial_bayou_pond_a
Temple:   mainiacjoe_temple_coin_purse

Skill      XL: |  1  2  3  4  5  6  7  8  9 |
---------------+----------------------------+-----
Fighting       | 4 5 6 7 8 |  8.1
Maces & Flails | 4 5 6 7 8 10 11 | 11.0
Throwing       | 1 2 4 |  4.0
Armour         | 3 5 7 |  7.0
Invocations    | 3 |  3.0
Dodging        | |  3.3

Action                     |  1- 3 |  4- 6 |  7- 9 || total
---------------------------+-------+-------+-------++-------
  Melee: Mace              |    58 |       |       ||    58
         Headbutt          |    10 |    40 |    41 ||    91
         Flail             |     1 |   162 |    40 ||   203
         Morningstar       |       |       |   145 ||   145
  Throw: Dart              |       |     2 |    27 ||    29
         Javelin           |       |       |    12 ||    12
 Invoke: Heroism           |       |       |     3 ||     3
    Use: Scroll            |       |     1 |    11 ||    12
         Potion            |       |       |     1 ||     1
 Armour: Plate armour      |    30 |   115 |   158 ||   303
  Dodge: Dodged            |    10 |    28 |    43 ||    81

Table legend: (Time is in decaauts)
 A = Elapsed time spent in this place.
 B = Non-inter-level travel time spent in this place.
 C = Inter-level travel time spent in this place.
 D = Time resting spent in this place.
 E = Time spent auto-exploring this place.
 F = Levels seen in this place.
 G = Mean time per level.
                   A        B        C        D        E       F      G
               +--------+--------+--------+--------+--------+-----+--------+
         Total |   8334 |   6646 |   1688 |    871 |   3586 |  10 |  833.4 |
       Dungeon |   7868 |   6196 |   1672 |    819 |   3586 |   8 |  983.5 |
        Temple |     18 |      2 |     16 |      0 |      0 |   1 |   18.0 |
         Sewer |    447 |    447 |      0 |     52 |      0 |   1 |  447.0 |
               +--------+--------+--------+--------+--------+-----+--------+

Top non-repeatable levels by time:
     D:7: 1259 daAuts
     D:1: 1135 daAuts
     D:4: 1114 daAuts
     D:2: 1050 daAuts
     D:3: 1041 daAuts
     D:6: 894 daAuts
     D:5: 833 daAuts
     D:8: 541 daAuts
   Sewer: 447 daAuts
  Temple: 18 daAuts
